[Event "ESP-chT 2nd Division 2019"]
[Site "Linares"]
[Date "2019.08.19"]
[Round "1.32"]
[White "Torres Sanchez, Jose"]
[Black "Rodriguez Perez, Angel Mariano"]
[Result "1-0"]
[ECO "B34"]
[WhiteElo "2304"]
[BlackElo "2223"]
[Annotator "NA"]
[PlyCount "59"]
[EventDate "2019.08.19"]
[EventType "team-tourn"]
[EventCountry "ESP"]
[SourceTitle "playchess.com"]
[Source "ChessBase"]
[SourceQuality "1"]
[TimeControl "5400+30"]

1. e4 c5 2. Nf3 Nc6 3. d4 cxd4 4. Nxd4 g6 5. Nxc6 bxc6 6. c4 Bg7 7. Be2 Nf6 8. Nc3 d6 9. O-O O-O 10. Be3 Nd7 11. Na4 c5 12. f4 Nb6 13. Nc3 Ba6 14. Nb5 Bxb2 15. Rb1 Bg7 16. Rb3 Na4 17. Qc2 Bxb5 18. cxb5 Qc7 19. Ra3 Nb6 20. Ra6 Rac8 21. Bg4 e6 22. f5 exf5 23. exf5 Nd5 24. Bg5 Bd4+ 25. Kh1 Nb4 26. Qb3 Nxa6 27. f6 Rb8 28. Qh3 Kh8 29. Qh6 Rg8 30. Rf3 1-0

[Event "ESP-chT 2nd Division 2019"]
[Site "Linares"]
[Date "2019.08.19"]
[Round "1.33"]
[White "Espejo Montagut, Jonathan"]
[Black "Represa Perez, Mireya"]
[Result "0-1"]
[ECO "B99"]
[WhiteElo "2096"]
[BlackElo "2229"]
[Annotator "NA"]
[PlyCount "60"]
[EventDate "2019.08.19"]
[EventType "team-tourn"]
[EventCountry "ESP"]
[SourceTitle "playchess.com"]
[Source "ChessBase"]
[SourceQuality "1"]
[TimeControl "5400+30"]

1. e4 c5 2. Nf3 d6 3. d4 cxd4 4. Nxd4 Nf6 5. Nc3 a6 6. Bg5 e6 7. f4 Be7 8. Qf3 Qc7 9. O-O-O Nbd7 10. g4 b5 11. Bxf6 Bxf6 12. g5 Bxd4 13. Rxd4 Bb7 14. Be2 Rc8 15. Rhd1 O-O 16. Rxd6 Nc5 17. R6d4 Nxe4 18. a4 Nd6 19. Qf2 Qb6 20. a5 Qc5 21. Qg1 Nf5 22. Rd7 Qxg1 23. Rxg1 Bc6 24. Ra7 b4 25. Nb1 Be4 26. c3 Nd4 27. Bxa6 Nb3+ 28. Kd1 Ra8 29. Rxa8 Rxa8 30. Bc4 Nxa5 0-1

[Event "ESP-chT 2nd Division 2019"]
[Site "Linares"]
[Date "2019.08.19"]
[Round "1.34"]
[White "Meneses Gonzalez, Kevin Moises"]
[Black "Serrano Garcia, Luis"]
[Result "1-0"]
[ECO "A04"]
[WhiteElo "2251"]
[BlackElo "1908"]
[Annotator "NA"]
[PlyCount "61"]
[EventDate "2019.08.19"]
[EventType "team-tourn"]
[EventCountry "ESP"]
[SourceTitle "playchess.com"]
[Source "ChessBase"]
[SourceQuality "1"]
[TimeControl "5400+30"]

1. Nf3 g6 2. g3 Bg7 3. Bg2 Nf6 4. O-O d5 5. c4 c6 6. b3 O-O 7. Bb2 Bg4 8. d3 Bxf3 9. Bxf3 Nbd7 10. Nc3 e6 11. Bg2 Re8 12. b4 a5 13. b5 cxb5 14. Nxb5 Nb6 15. Rc1 Qd7 16. Qb3 Ra6 17. Be5 Rc8 18. a4 Ne8 19. Bxg7 Kxg7 20. c5 Na8 21. e4 Nac7 22. Nxc7 Nxc7 23. Qxb7 Raa8 24. exd5 exd5 25. Qb2+ Kg8 26. Rfe1 Qxa4 27. Re7 Qc6 28. Qe5 a4 29. Bh3 Ne6 30. Bxe6 fxe6 31. Qg7# 1-0

[Event "ESP-chT 2nd Division 2019"]
[Site "Linares"]
[Date "2019.08.19"]
[Round "1.35"]
[White "Perdigones Gomez, Mercedes"]
[Black "Ballester Sanz, Joaquin"]
[Result "0-1"]
[ECO "B24"]
[WhiteElo "1317"]
[BlackElo "2027"]
[Annotator "NA RC"]
[PlyCount "95"]
[EventDate "2019.08.19"]
[EventType "team-tourn"]
[EventCountry "ESP"]
[SourceTitle "playchess.com"]
[Source "ChessBase"]
[SourceQuality "1"]
[TimeControl "5400+30"]

1. e4 c5 2. Nc3 Nc6 3. Bb5 Nd4 4. Bc4 a6 5. a4 d6 6. h3 g6 7. f4 e6 8. Nf3 Bg7 9. O-O Ne7 10. Ne2 Nxf3+ 11. Rxf3 d5 12. exd5 exd5 13. Ba2 O-O 14. d4 c4 15. c3 Bf5 16. Ng3 Qd7 17. Nxf5 Nxf5 18. Bb1 Nd6 19. Qf1 f5 20. Be3 Rae8 21. a5 Bf6 22. Bc2 Rc8 23. Bd2 Kg7 24. Ba4 Qe6 25. Re3 Ne4 26. Qe1 Bd8 27. Bc2 Bc7 28. Re2 Qd6 29. Bxe4 dxe4 30. Qh4 Bd8 31. Qf2 Qd5 32. g4 Rc6 33. g5 Rh8 34. Qh4 h5 35. gxh6+ Rxh6 36. Qg3 Bxa5 37. b4 cxb3 38. Rxa5 Qxa5 39. Qg5 Qc7 40. Re3 b2 41. Re1 Rh5 42. Qg3 Rb6 43. Rb1 Qc4 44. d5 Rb3 45. d6 Qd3 46. Qxd3 exd3 47. d7 Rh8 48. Be3 0-1

[Event "ESP-chT 2nd Division 2019"]
[Site "Linares"]
[Date "2019.08.19"]
[Round "1.36"]
[White "Bernabeu Lopez, Carlos Javier"]
[Black "Blanco Diez, David"]
[Result "0-1"]
[ECO "D02"]
[WhiteElo "2370"]
[BlackElo "2103"]
[Annotator "NA"]
[PlyCount "102"]
[EventDate "2019.08.19"]
[EventType "team-tourn"]
[EventCountry "ESP"]
[SourceTitle "playchess.com"]
[Source "ChessBase"]
[SourceQuality "1"]
[TimeControl "5400+30"]

1. d4 d5 2. Nf3 Nf6 3. g3 e6 4. Bg2 Be7 5. O-O O-O 6. c4 dxc4 7. Qc2 a6 8. a4 Bd7 9. Qxc4 Bc6 10. Bg5 Bd5 11. Qc2 Be4 12. Qd2 c5 13. dxc5 Nbd7 14. Nc3 Bc6 15. b4 a5 16. b5 Bxf3 17. Bxf3 Nxc5 18. Qe3 Rc8 19. Rfd1 Qc7 20. Rac1 b6 21. Bf4 Qa7 22. g4 Rfd8 23. g5 Ne8 24. Bc6 Nd6 25. Qh3 Nf5 26. Nd5 Bd6 27. Bxd6 Rxd6 28. e4 Nxe4 29. Qg4 exd5 30. Qxf5 Rcd8 31. Rxd5 Rxd5 32. Bxd5 Nc5 33. Re1 Qc7 34. Kh1 Nxa4 35. g6 hxg6 36. Qxg6 Nc5 37. Rg1 Ne6 38. Bxe6 Qb7+ 39. Qg2 Qxg2+ 40. Kxg2 fxe6 41. Kf3 Rd4 42. Rb1 Rb4 43. Rxb4 axb4 44. Ke4 e5 45. Kd3 Kf7 46. Kc4 Ke6 47. h4 b3 48. Kxb3 Kd5 49. Kb4 Kd4 50. h5 e4 51. Kb3 Kd5 0-1

[Event "ESP-chT 2nd Division 2019"]
[Site "Linares"]
[Date "2019.08.19"]
[Round "1.37"]
[White "Arauz Alonso, Fernando"]
[Black "Blanco Acevedo, Cristobal Jose"]
[Result "1/2-1/2"]
[ECO "D07"]
[WhiteElo "2109"]
[BlackElo "2342"]
[Annotator "NA"]
[PlyCount "65"]
[EventDate "2019.08.19"]
[EventType "team-tourn"]
[EventCountry "ESP"]
[SourceTitle "playchess.com"]
[Source "ChessBase"]
[SourceQuality "1"]
[TimeControl "5400+30"]

1. d4 d5 2. c4 Nc6 3. cxd5 Qxd5 4. e3 e5 5. Nc3 Bb4 6. a3 Bxc3+ 7. bxc3 exd4 8. cxd4 Nf6 9. Nf3 Ne4 10. Qc2 Bf5 11. Bd3 Qa5+ 12. Kf1 Nd6 13. Bxf5 Nxf5 14. Qe4+ Nfe7 15. Bd2 Qa6+ 16. Kg1 O-O-O 17. h3 f5 18. Qe6+ Kb8 19. Kh2 g5 20. Rhc1 g4 21. hxg4 fxg4 22. Qxg4 Rhg8 23. Qe4 Qe2 24. Be1 Rd6 25. g3 Qf1 26. Nh4 Rh6 27. Rab1 Nf5 28. Rxc6 Rxh4+ 29. gxh4 Qg1+ 30. Kh3 b6 31. Re6 Qf1+ 32. Kh2 Qg1+ 33. Kh3 1/2-1/2

[Event "ESP-chT 2nd Division 2019"]
[Site "Linares"]
[Date "2019.08.19"]
[Round "1.38"]
[White "Castilla Leon Salas, Carlos"]
[Black "Fernandez Estremera, Fernando"]
[Result "1-0"]
[ECO "D24"]
[WhiteElo "2252"]
[BlackElo "1944"]
[Annotator "NA"]
[PlyCount "53"]
[EventDate "2019.08.19"]
[EventType "team-tourn"]
[EventCountry "ESP"]
[SourceTitle "playchess.com"]
[Source "ChessBase"]
[SourceQuality "1"]
[TimeControl "5400+30"]

1. d4 d5 2. c4 dxc4 3. Nf3 Nf6 4. Nc3 Bg4 5. Ne5 Bh5 6. f3 e6 7. g4 Bg6 8. h4 Be7 9. e4 h6 10. Nxg6 fxg6 11. Be3 Qd7 12. Bxc4 Nc6 13. Qd2 a6 14. a3 Rd8 15. O-O-O Na5 16. Ba2 Nh7 17. Ne2 Qa4 18. Qc2 Qb5 19. Bxe6 Rd6 20. Nc3 Qc6 21. Bd5 Qd7 22. Ba2 b5 23. e5 Rb6 24. d5 Rb8 25. e6 Qd6 26. Ne4 Qe5 27. f4 1-0

[Event "ESP-chT 2nd Division 2019"]
[Site "Linares"]
[Date "2019.08.19"]
[Round "1.39"]
[White "Andrade Sandoval, Bianca"]
[Black "Ordonez Torres, Maria Del Carmen"]
[Result "1-0"]
[ECO "A45"]
[WhiteElo "1865"]
[BlackElo "2027"]
[Annotator "NA"]
[PlyCount "79"]
[EventDate "2019.08.19"]
[EventType "team-tourn"]
[EventCountry "ESP"]
[SourceTitle "playchess.com"]
[Source "ChessBase"]
[SourceQuality "1"]
[TimeControl "5400+30"]

1. d4 Nf6 2. Bf4 g6 3. e3 Bg7 4. Nf3 O-O 5. Be2 d6 6. h3 Nfd7 7. c4 Nc6 8. Nc3 e5 9. Bh2 f5 10. O-O Kh8 11. a3 g5 12. dxe5 Ndxe5 13. Nxe5 Nxe5 14. Rc1 f4 15. Nd5 f3 16. Bxe5 Bxe5 17. Bxf3 Bxb2 18. Rc2 Be5 19. c5 Bf5 20. e4 Bg6 21. cxd6 Bxd6 22. Qd4+ Kg8 23. Rd1 h5 24. Nxc7 Bxc7 25. Qc4+ Bf7 26. Qxc7 Qf6 27. Qxb7 Rab8 28. Qc6 Qf4 29. Qd6 Bb3 30. Qg6+ Kh8 31. Qh6+ Kg8 32. Rc6 Rb6 33. Qg6+ Kh8 34. Qxh5+ Kg8 35. Rg6+ Rxg6 36. Qxg6+ Kh8 37. Rd7 Bf7 38. Qf5 Qc1+ 39. Kh2 Kg8 40. Bh5 1-0

[Event "ESP-chT 2nd Division 2019"]
[Site "Linares"]
[Date "2019.08.19"]
[Round "1.40"]
[White "Jimenez De La Torre, Jose A."]
[Black "Centeno Mendoza, Julio Stefano"]
[Result "1-0"]
[ECO "C50"]
[WhiteElo "1978"]
[BlackElo "1726"]
[Annotator "NA"]
[PlyCount "55"]
[EventDate "2019.08.19"]
[EventType "team-tourn"]
[EventCountry "ESP"]
[SourceTitle "playchess.com"]
[Source "ChessBase"]
[SourceQuality "1"]
[TimeControl "5400+30"]

1. e4 e5 2. Bc4 Bc5 3. d4 Bxd4 4. Nf3 Nc6 5. O-O Nf6 6. Nxd4 Nxd4 7. Bg5 h6 8. Bh4 g5 9. f4 gxf4 10. Rxf4 Ne2+ 11. Qxe2 exf4 12. e5 Qe7 13. Nc3 Rg8 14. Ne4 Kf8 15. Bxf6 Qb4 16. Rf1 b5 17. Bd3 Bb7 18. c3 Qa5 19. Rxf4 Re8 20. Rg4 Bxe4 21. Rxg8+ Kxg8 22. Bxe4 Qb6+ 23. Kf1 Qe6 24. Qf3 Qc4+ 25. Bd3 Qh4 26. Bxh4 Rxe5 27. Bf6 Rg5 28. Qa8# 1-0

[Event "ESP-chT 2nd Division 2019"]
[Site "Linares"]
[Date "2019.08.20"]
[Round "2.2"]
[White "Moreno Ibanez, Miguel"]
[Black "Del Rio De Angelis, Salvador G."]
[Result "1/2-1/2"]
[ECO "B42"]
[WhiteElo "2272"]
[BlackElo "2472"]
[Annotator "ChessBase"]
[PlyCount "105"]
[EventDate "2019.08.19"]
[EventType "team-tourn"]
[EventCountry "ESP"]
[SourceTitle "playchess.com"]
[Source "ChessBase"]
[SourceQuality "1"]
[TimeControl "5400+30"]

1. e4 c5 2. Nf3 e6 3. d4 cxd4 4. Nxd4 a6 5. Bd3 g6 6. O-O Bg7 7. c3 d6 8. f4 Nf6 9. Kh1 O-O 10. Bc2 b6 11. Qe2 Bb7 12. Nd2 Qc7 13. e5 dxe5 14. fxe5 Nfd7 15. N2f3 Nxe5 16. Bf4 Nbd7 17. Rae1 Bxf3 18. Nxf3 f6 19. Nd4 Rfe8 20. Be4 Rac8 21. Qxa6 Qc5 22. Qb5 Qxb5 23. Nxb5 Re7 24. Rd1 g5 25. Nd6 Rc7 26. Be3 h6 27. Bc2 f5 28. Bb3 Kh7 29. h3 g4 30. Nb5 Rc8 31. Rd6 Nc4 32. Bxc4 Rxc4 33. Nd4 gxh3 34. gxh3 Nf6 35. Rg1 Nd5 36. Bf2 Nf4 37. Rg3 Be5 38. Rd8 Nh5 39. Rgg8 Ng7 40. Nf3 Bc7 41. Rc8 b5 42. Be3 f4 43. Nh4 Ne8 44. Rgxe8 Rxe8 45. Rxe8 fxe3 46. Re7+ Kg8 47. Ng2 b4 48. Rxe6 bxc3 49. bxc3 Rxc3 50. Nxe3 Bf4 51. Nf5 Rxh3+ 52. Kg2 Ra3 53. Nxh6+ 1/2-1/2

[Event "ESP-chT 2nd Division 2019"]
[Site "Linares"]
[Date "2019.08.20"]
[Round "2.3"]
[White "Iruzubieta Villaluenga, Jesus M"]
[Black "Perez Gonzalez, Jose Manuel"]
[Result "1-0"]
[ECO "B07"]
[WhiteElo "2438"]
[BlackElo "2218"]
[Annotator "ChessBase"]
[PlyCount "87"]
[EventDate "2019.08.19"]
[EventType "team-tourn"]
[EventCountry "ESP"]
[SourceTitle "playchess.com"]
[Source "ChessBase"]
[SourceQuality "1"]
[TimeControl "5400+30"]

1. e4 d6 2. d4 Nf6 3. Nc3 g6 4. Bg5 c6 5. Qd2 Nbd7 6. f4 d5 7. e5 Ne4 8. Nxe4 dxe4 9. Ne2 f6 10. Bh4 Bh6 11. Nc3 fxe5 12. dxe5 e3 13. Qxe3 Qb6 14. Qxb6 axb6 15. g3 Nxe5 16. Be2 Ng4 17. Kd2 Bf5 18. Rae1 O-O-O+ 19. Kc1 Nf6 20. Bc4 Rd7 21. Be6 Bxe6 22. Rxe6 Rf8 23. Rhe1 Rf7 24. Bxf6 exf6 25. Ne4 Rfe7 26. Nxf6 Rxe6 27. Rxe6 Rf7 28. h4 Bf8 29. Nxh7 Rxh7 30. Re8+ Kd7 31. Rxf8 Ke7 32. Rb8 Kf6 33. Re8 Rd7 34. a4 Rd5 35. Re5 Rd4 36. b3 c5 37. h5 gxh5 38. Rxh5 Kg6 39. Rh8 c4 40. Rb8 cxb3 41. cxb3 Rd7 42. Kc2 Kf5 43. Kc3 Rg7 44. Kb4 1-0

[Event "ESP-chT 2nd Division 2019"]
[Site "Linares"]
[Date "2019.08.20"]
[Round "2.4"]
[White "Barraza Caracuel, Ignacio"]
[Black "Trigo Urquijo, Sergio"]
[Result "1/2-1/2"]
[ECO "C41"]
[WhiteElo "2118"]
[BlackElo "2385"]
[Annotator "ChessBase"]
[PlyCount "103"]
[EventDate "2019.08.19"]
[EventType "team-tourn"]
[EventCountry "ESP"]
[SourceTitle "playchess.com"]
[Source "ChessBase"]
[SourceQuality "1"]
[TimeControl "5400+30"]

1. d4 d6 2. e4 Nf6 3. Nc3 e5 4. Nf3 Nbd7 5. Bc4 Be7 6. O-O c6 7. a4 h6 8. Qe2 Qc7 9. h3 Nf8 10. dxe5 dxe5 11. Nh4 Ne6 12. Nf5 Bf8 13. f4 g6 14. fxe5 Qxe5 15. Bxe6 Qxe6 16. Nd4 Qe5 17. Nf3 Bc5+ 18. Be3 Qe7 19. e5 Bf5 20. g4 Bd7 21. Rae1 Nd5 22. Nxd5 cxd5 23. Qf2 Bxe3 24. Qxe3 Rc8 25. Nd4 h5 26. g5 O-O 27. Rf6 Kh7 28. Qd3 Rg8 29. c3 Be6 30. Nxe6 fxe6 31. Ref1 Rc7 32. R1f4 Qe8 33. Qf3 Kg7 34. h4 Re7 35. Qe3 b6 36. Qd3 Rc7 37. Qh3 Re7 38. Qd3 Rc7 39. Kg2 Kh7 40. Kf2 Kg7 41. Ke2 Kh7 42. Kd2 Kg7 43. Kc1 Kh7 44. Kb1 Kg7 45. Qc2 Kh7 46. Qd3 Kg7 47. Qc2 Kh7 48. Qd3 Kg7 49. Qh3 Re7 50. Qf3 Rc7 51. Qh3 Re7 52. Qd3 1/2-1/2

[Event "ESP-chT 2nd Division 2019"]
[Site "Linares"]
[Date "2019.08.20"]
[Round "2.5"]
[White "Sosa Suarez, Carla Cristina"]
[Black "Estevez Sacristan, Deva"]
[Result "1-0"]
[ECO "B36"]
[WhiteElo "2135"]
[BlackElo "1957"]
[Annotator "ChessBase"]
[PlyCount "121"]
[EventDate "2019.08.19"]
[EventType "team-tourn"]
[EventCountry "ESP"]
[SourceTitle "playchess.com"]
[Source "ChessBase"]
[SourceQuality "1"]
[TimeControl "5400+30"]

1. e4 c5 2. Nf3 g6 3. d4 cxd4 4. Nxd4 Nc6 5. c4 Nf6 6. Nc3 d6 7. Be2 Nxd4 8. Qxd4 Bg7 9. Be3 O-O 10. Qd3 Ng4 11. Bxg4 Bxg4 12. O-O Be6 13. Bd4 Qc7 14. b3 Bxd4 15. Qxd4 Qc5 16. Qd2 Rfe8 17. Rae1 a6 18. Nd5 b5 19. b4 Qa7 20. Rc1 Rac8 21. cxb5 axb5 22. h4 Bxd5 23. Qxd5 Qa8 24. Qxb5 Qxa2 25. h5 Qe6 26. Rxc8 Rxc8 27. Qb7 gxh5 28. Ra1 Kg7 29. b5 Qe5 30. Qa6 Rb8 31. Rb1 Qxe4 32. Qa1+ Qe5 33. Qa4 Qf5 34. Rb3 Qe5 35. Qb4 f6 36. Rg3+ Kf7 37. Qb3+ d5 38. b6 h4 39. Re3 Qd6 40. b7 Qc6 41. Qd3 Qc1+ 42. Kh2 Qc7+ 43. g3 Qxb7 44. Qxh7+ Ke8 45. Qg6+ Kd8 46. Qg8+ Kd7 47. Qe6+ Kd8 48. Rd3 hxg3+ 49. Rxg3 Qb6 50. Rg8+ Kc7 51. Qxe7+ Kc6 52. Qxf6+ Kc5 53. Qc3+ Kb5 54. Qd3+ Ka4 55. Rg4+ Ka5 56. Qa3+ Kb5 57. Rb4+ Kc6 58. Rxb6+ Rxb6 59. Qc3+ Kd6 60. Qd4 Rc6 61. f4 1-0

[Event "ESP-chT 2nd Division 2019"]
[Site "Linares"]
[Date "2019.08.20"]
[Round "2.7"]
[White "Nayhebaver, Martin"]
[Black "Martin Gonzalez, Angel"]
[Result "1-0"]
[ECO "B77"]
[WhiteElo "2469"]
[BlackElo "2334"]
[Annotator "ChessBase"]
[PlyCount "99"]
[EventDate "2019.08.19"]
[EventType "team-tourn"]
[EventCountry "ESP"]
[SourceTitle "playchess.com"]
[Source "ChessBase"]
[SourceQuality "1"]
[TimeControl "5400+30"]

1. e4 c5 2. Nf3 d6 3. d4 cxd4 4. Nxd4 Nf6 5. Nc3 g6 6. Be3 Bg7 7. f3 Nc6 8. Qd2 O-O 9. Bc4 Bd7 10. Bb3 Rc8 11. O-O-O Nxd4 12. Bxd4 b5 13. a3 a5 14. Nd5 Nxd5 15. Bxg7 Kxg7 16. Bxd5 Qb6 17. h4 b4 18. axb4 axb4 19. Qd4+ Qxd4 20. Rxd4 Rb8 21. Kd2 Rfc8 22. Ra1 Rc7 23. Ra8 Rb6 24. Rc4 Rxc4 25. Bxc4 Kf6 26. g4 h6 27. Ke3 g5 28. h5 e6 29. Rd8 Ke7 30. Rh8 Kf6 31. Rh7 Ba4 32. Bd3 Be8 33. f4 gxf4+ 34. Kxf4 e5+ 35. Kg3 Kg5 36. Rg7+ Kf6 37. Rg8 Ke7 38. Bc4 Bc6 39. Kf3 Bb7 40. Bd5 Bxd5 41. exd5 f6 42. Rg7+ Kf8 43. Rc7 Rb5 44. Ke4 Rc5 45. Rxc5 dxc5 46. d6 Ke8 47. Kd5 Kd7 48. Kxc5 e4 49. Kd4 Kxd6 50. Kxe4 {[%emt 0:00:06] Kd5+} 1-0

[Event "ESP-chT 2nd Division 2019"]
[Site "Linares"]
[Date "2019.08.20"]
[Round "2.8"]
[White "Jimenez Ruano, Adrian"]
[Black "Khamrakulov, Ibragim S."]
[Result "1/2-1/2"]
[ECO "E41"]
[WhiteElo "2278"]
[BlackElo "2429"]
[Annotator "ChessBase"]
[PlyCount "117"]
[EventDate "2019.08.19"]
[EventType "team-tourn"]
[EventCountry "ESP"]
[SourceTitle "playchess.com"]
[Source "ChessBase"]
[SourceQuality "1"]
[TimeControl "5400+30"]

1. d4 Nf6 2. c4 e6 3. Nc3 Bb4 4. e3 c5 5. Bd3 d5 6. cxd5 Nxd5 7. Nge2 cxd4 8. exd4 O-O 9. O-O Nc6 10. Nxd5 Qxd5 11. a3 Be7 12. Qc2 g6 13. Be3 Bf6 14. Rfd1 Ne7 15. Rac1 Qa5 16. Nc3 Bd7 17. Ne4 Bg7 18. Qc7 Qxc7 19. Rxc7 Ba4 20. Rdc1 Nd5 21. Rxb7 Rfb8 22. Ba6 Rd8 23. Bg5 Rf8 24. b3 Be8 25. Be3 e5 26. dxe5 Nxe3 27. fxe3 Bxe5 28. Rc5 f6 29. Bc4+ Bf7 30. Rxf7 Rxf7 31. Rxe5 fxe5 32. Nd6 Kg7 33. Nxf7 Kf6 34. Kf2 e4 35. Ke2 Rb8 36. Nd6 Ke5 37. Nb5 a5 38. Nc3 Rc8 39. a4 Rc6 40. Nb1 Kd6 41. Nd2 Ke5 42. Bg8 h5 43. Nc4+ Kf5 44. Nxa5 Rc2+ 45. Kf1 Rc1+ 46. Kf2 Rc2+ 47. Kg3 g5 48. h3 h4+ 49. Kh2 g4 50. hxg4+ Kxg4 51. Be6+ Kg5 52. Nc4 Rc3 53. a5 Rxb3 54. a6 Rb4 55. Nd2 Ra4 56. Bc8 Kf6 57. Bb7 Ke5 58. Nxe4 Ra3 59. Nc3 1/2-1/2

[Event "ESP-chT 2nd Division 2019"]
[Site "Linares"]
[Date "2019.08.20"]
[Round "2.9"]
[White "Soham Das"]
[Black "Cano Sevilla, Ivan"]
[Result "1-0"]
[ECO "B38"]
[WhiteElo "2339"]
[BlackElo "1995"]
[Annotator "ChessBase"]
[PlyCount "95"]
[EventDate "2019.08.19"]
[EventType "team-tourn"]
[EventCountry "ESP"]
[SourceTitle "playchess.com"]
[Source "ChessBase"]
[SourceQuality "1"]
[TimeControl "5400+30"]

1. e4 c5 2. Nf3 g6 3. d4 cxd4 4. Nxd4 Bg7 5. c4 Nc6 6. Be3 Nf6 7. Nc3 d6 8. Be2 O-O 9. O-O Bd7 10. f3 Nxd4 11. Bxd4 Bc6 12. b4 Nh5 13. Kh1 Bxd4 14. Qxd4 Nf4 15. Rfd1 Qb6 16. Qxb6 axb6 17. Bf1 Ra3 18. Rac1 Rc8 19. b5 Bd7 20. g3 Nh3 21. Rd2 Ng5 22. Be2 Kf8 23. h4 Ne6 24. e5 Nc7 25. exd6 exd6 26. Rxd6 Nxb5 27. cxb5 Be6 28. Rd3 Rc5 29. Kg2 Bc4 30. Rd2 Be6 31. Rdc2 Bf5 32. Ne4 Rxa2 33. Rxa2 Rxc1 34. Ra7 Rc2 35. Kf2 Be6 36. Ke3 Rc7 37. Ng5 Bd5 38. Nxh7+ Ke7 39. Ng5 f5 40. Kd4 Kd6 41. Ra8 Rd7 42. Bc4 Bxc4 43. Kxc4 Rc7+ 44. Kb4 Kd5 45. Rd8+ Ke5 46. f4+ Kf6 47. Rd6+ Kg7 48. Ne6+ 1-0

[Event "ESP-chT 2nd Division 2019"]
[Site "Linares"]
[Date "2019.08.20"]
[Round "2.10"]
[White "Catalan Gasque, Noelia"]
[Black "Calzetta Ruiz, Monica"]
[Result "0-1"]
[ECO "A46"]
[WhiteElo "1789"]
[BlackElo "2257"]
[Annotator "ChessBase"]
[PlyCount "43"]
[EventDate "2019.08.19"]
[EventType "team-tourn"]
[EventCountry "ESP"]
[SourceTitle "playchess.com"]
[Source "ChessBase"]
[SourceQuality "1"]
[TimeControl "5400+30"]

1. d4 Nf6 2. Nf3 c5 3. dxc5 g6 4. g3 Bg7 5. Bg2 Na6 6. O-O Nxc5 7. Nbd2 O-O 8. c4 d6 9. Nb3 Nce4 10. Ng5 Nxg5 11. Bxg5 Be6 12. Rc1 Rc8 13. Qd3 Qd7 14. Nd4 Bh3 15. b3 Rc5 16. Nf3 h6 17. Bd2 Rh5 18. Nh4 g5 19. Nf3 Bxg2 20. Kxg2 Qh3+ 21. Kg1 Ng4 22. Nh4 0-1

[Event "ESP-chT 2nd Division 2019"]
[Site "Linares"]
[Date "2019.08.20"]
[Round "2.11"]
[White "Adla, Diego"]
[Black "Vinuela Diaz, Saul"]
[Result "1-0"]
[ECO "A18"]
[WhiteElo "2424"]
[BlackElo "2310"]
[Annotator "ChessBase"]
[PlyCount "59"]
[EventDate "2019.08.19"]
[EventType "team-tourn"]
[EventCountry "ESP"]
[SourceTitle "playchess.com"]
[Source "ChessBase"]
[SourceQuality "1"]
[TimeControl "5400+30"]

1. c4 Nf6 2. Nc3 e6 3. e4 d5 4. e5 d4 5. exf6 dxc3 6. bxc3 Qxf6 7. Nf3 Nd7 8. d4 h6 9. Bd3 c5 10. O-O Bd6 11. Re1 O-O 12. Qe2 Rd8 13. Ba3 Rb8 14. Qe4 g6 15. Rad1 b6 16. Bc1 Bb7 17. d5 Bf8 18. h4 Qg7 19. Bf4 Rbc8 20. Qe3 exd5 21. cxd5 Qxc3 22. h5 c4 23. hxg6 cxd3 24. gxf7+ Kh7 25. Qe4+ Kh8 26. Ne5 Nf6 27. Qf5 Rd6 28. Ng6+ Kg7 29. Nxf8 Rxd5 30. Qg6+ 1-0

[Event "ESP-chT 2nd Division 2019"]
[Site "Linares"]
[Date "2019.08.20"]
[Round "2.12"]
[White "Centron Antuna, Daniel"]
[Black "Glavina, Pablo"]
[Result "0-1"]
[ECO "C44"]
[WhiteElo "2187"]
[BlackElo "2407"]
[Annotator "ChessBase"]
[PlyCount "50"]
[EventDate "2019.08.19"]
[EventType "team-tourn"]
[EventCountry "ESP"]
[SourceTitle "playchess.com"]
[Source "ChessBase"]
[SourceQuality "1"]
[TimeControl "5400+30"]

1. e4 e5 2. Nf3 Nc6 3. d4 exd4 4. Nxd4 Nf6 5. Nxc6 bxc6 6. Qe2 d5 7. exd5+ Be7 8. dxc6 O-O 9. Qd3 Re8 10. Be2 Bb4+ 11. Bd2 Qe7 12. Bxb4 Qxb4+ 13. Nc3 Bg4 14. O-O-O Rab8 15. b3 Bf5 16. Qc4 Qa3+ 17. Kb1 Rb4 18. Nb5 Qa5 19. Qc5 Rxe2 20. Qxf5 Rxb5 21. Rd8+ Ne8 22. Qc8 Rbe5 23. f4 Qc3 24. Rc1 R5e4 25. Qd7 Re1 0-1

[Event "ESP-chT 2nd Division 2019"]
[Site "Linares"]
[Date "2019.08.20"]
[Round "2.13"]
[White "Quintin Navarro, Alberto"]
[Black "Fernandez Torre, Ivan"]
[Result "1-0"]
[ECO "E92"]
[WhiteElo "2376"]
[BlackElo "2164"]
[Annotator "ChessBase"]
[PlyCount "73"]
[EventDate "2019.08.19"]
[EventType "team-tourn"]
[EventCountry "ESP"]
[SourceTitle "playchess.com"]
[Source "ChessBase"]
[SourceQuality "1"]
[TimeControl "5400+30"]

1. c4 Nf6 2. Nc3 g6 3. e4 d6 4. d4 Bg7 5. Nf3 O-O 6. Be2 e5 7. d5 a5 8. Bg5 h6 9. Be3 Ng4 10. Bd2 f5 11. h3 Nf6 12. exf5 gxf5 13. Qc1 Kh7 14. g4 Ne4 15. Nxe4 fxe4 16. Qc2 Qf6 17. Qxe4+ Qg6 18. Qe3 Kg8 19. O-O-O Na6 20. Nh4 Qf6 21. Nf5 Bxf5 22. gxf5 Nb4 23. Rdg1 e4 24. Qb3 Qxf5 25. Bxh6 Rf7 26. Bxg7 Rxg7 27. Rxg7+ Kxg7 28. Rg1+ Kf7 29. Qg3 Rf8 30. Qg7+ Ke8 31. Qxc7 e3 32. Qb8+ Kf7 33. Qxb7+ Ke8 34. Qb8+ Kf7 35. Qa7+ Ke8 36. Qxe3+ Kf7 37. Bh5+ 1-0

[Event "ESP-chT 2nd Division 2019"]
[Site "Linares"]
[Date "2019.08.20"]
[Round "2.14"]
[White "Lobo Rodriguez, Jesus Angel"]
[Black "Chueca Lorente, Javier"]
[Result "1-0"]
[ECO "A36"]
[WhiteElo "2103"]
[BlackElo "2144"]
[Annotator "ChessBase"]
[PlyCount "71"]
[EventDate "2019.08.19"]
[EventType "team-tourn"]
[EventCountry "ESP"]
[SourceTitle "playchess.com"]
[Source "ChessBase"]
[SourceQuality "1"]
[TimeControl "5400+30"]

1. c4 c5 2. g3 g6 3. Bg2 Bg7 4. Nc3 Nc6 5. a3 e6 6. Rb1 Nge7 7. b4 cxb4 8. axb4 d5 9. b5 Na5 10. cxd5 exd5 11. Ba3 d4 12. Bxe7 Qxe7 13. Nd5 Qd8 14. b6 O-O 15. Nc7 Bf5 16. Nxa8 Bxb1 17. Qxb1 Qxa8 18. bxa7 Rc8 19. Nh3 Qxa7 20. O-O Qc5 21. Nf4 Bh6 22. Nd3 Qc2 23. Qa1 Nb3 24. Qa7 Nxd2 25. Re1 Re8 26. Qxd4 Nb3 27. Qa4 Re7 28. Bd5 Bd2 29. Bxb3 Qc3 30. Rd1 h5 31. Qc4 Qa5 32. Nf4 b5 33. Qc5 Bb4 34. Qc6 Qa3 35. Qxg6+ Kh8 36. Rd8+ 1-0